 Dungeon Crawl Stone Soup version 0.30-a0-618-gd6c86c23d0 (webtiles) character file.

Game seed: 4549188185730435291

1296 drugrobin the Grappler (level 8, -2/62 HPs)
             Began as a Demigod Delver on Jan 10, 2023.
             Slain by a necrophage (6 damage)
             ... on level 6 of the Dungeon.
             The game lasted 00:17:41 (7173 turns).

drugrobin the Grappler (Demigod Delver)             Turns: 7173, Time: 00:17:42

Health: -2/62      AC:  6    Str: 21    XL:     8   Next: 9%
Magic:  10/10      EV: 11    Int: 12    God:
Gold:   377        SH:  4    Dex: 21    Spells: 7/7 levels left

rFire   + . .      SeeInvis .      - Unarmed
rCold   . . .      Faith    .    l - +0 buckler
rNeg    . . .      Spirit   .    A - +1 ring mail {rF+}
rPois   .          Reflect  .    (no helmet)
rElec   .          Harm     .    (no cloak)
rCorr   +          Rampage  .    (no gloves)
Will    .....                    (no boots)
Stlth   ++                       (no amulet)
HPRegen 0.30/turn                E - +6 ring of dexterity
MPRegen 0.12/turn                z - ring of resist corrosion

@: no status effects
A: high MP 1, forlorn, divine attributes
a: no special abilities


You were on level 6 of the Dungeon.
You visited 1 branch of the dungeon, and saw 6 of its levels.

You collected 377 gold pieces.

Inventory:

Missiles
 v - 4 boomerangs (quivered)
 w - 14 poisoned darts
Armour
 h - the +2 chain mail "Avuemail" {rElec Will+ Str+3}
   (You found it on level 5 of the Dungeon)

   Str:       It affects your strength (+3).
   rElec:     It insulates you from electricity.
   Will:      It increases your willpower.
 l - a +0 buckler (worn)
 A - a +1 ring mail of fire resistance (worn)
 G - a +2 scale mail of poison resistance
Magical Staves
 u - a staff of conjuration
Jewellery
 j - a ring of positive energy
 z - a ring of resist corrosion (right hand)
 E - a +6 ring of dexterity (left hand)
Wands
 f - a wand of digging (3)
 F - a wand of quicksilver (17)
Scrolls
 a - a scroll of enchant weapon {unknown}
 b - a scroll of fog
 c - 4 scrolls of magic mapping
 d - a scroll of blinking {unknown}
 i - a scroll of vulnerability {unknown}
 m - a scroll of noise {unknown}
 n - 3 scrolls of teleportation
 o - a scroll of poison {unknown}
 q - 4 scrolls of identify {unknown}
 x - a scroll of immolation {unknown}
 y - 2 scrolls of amnesia {unknown}
 D - a scroll of brand weapon {unknown}
Potions
 e - 2 potions of haste
 g - a potion of ambrosia {unknown}
 k - a potion of heal wounds {unknown}
 p - a potion of might {unknown}
 r - a potion of degeneration {unknown}
 s - 2 potions of lignification {unknown}
 t - a potion of curing {unknown}
 B - a potion of flight
 C - a potion of brilliance {unknown}


   Skills:
 - Level 2.6 Fighting
 - Level 1.7 Dodging
 - Level 4.5 Stealth
 + Level 9.5 Unarmed Combat


You had 7 spell levels left.
You didn't know any spells.
Your spell library contained the following spells:

 Spells                   Type           Power      Damage    Failure   Level
 Kiss of Death            Conj/Necr      0%         2d5       58%         1
 Confusing Touch          Hex            0%         N/A       92%         3
 Dispel Undead            Necr           0%         3d6       100%        4


Dungeon Overview and Level Annotations

Branches:
Dungeon (6/15)             Temple (0/1) D:5

Annotations:
D:6 Maggie


Innate Abilities, Weirdness & Mutations

You have an increased reservoir of magic. (+10% MP)
You shall have no god before yourself.
Your divine heritage dramatically boosts your attributes as you level up.


Message History

Aiming: Quicksilver Bolt
Press: ? - help, Shift-Dir - straight line, f/p - Maggie
Aim: Maggie, wielding a +2 heavy glaive and wearing +0 steam dragon scales (moderately wounded, 71% to hit)
The bolt of dispelling energy hits Maggie!!
Maggie is severely wounded.
Unknown command.
Unknown command.
Unknown command.
You don't know any spells.
Unknown command.
Unknown command.
Maggie hits you from afar with a +2 heavy glaive!!
Unknown command.
Unknown command.
Unknown command.
Unknown command.
Unknown command.
Unknown command.
You hit Maggie but do no damage.
Maggie is severely wounded.
Maggie hits you with a +2 heavy glaive!!
* * * LOW HITPOINT WARNING * * *
Unknown command.
Unknown command.
Unknown command.
Okay, then.
Unknown command.
You barely miss Maggie.
Maggie is severely wounded.
Unknown command.
Unknown command.
Unknown command.
Unknown command.
You hit Maggie but do no damage.
Maggie is severely wounded.
Maggie casts a spell at you. The bolt of fire hits you! You resist.
* * * LOW HITPOINT WARNING * * *
The necrophage hits you.
You die...

.# #.#.####......#####.....#
## #.#.....[...............#
# #.##.......)............#
#####.##........)..........##
......###.....####.......###
#.............##.........#
#....#####..####........[#
......# #.....#.........##
......#
#.###..@@.#.#....#######
......#
#......n.........'÷.....
......#
#######...#.#...÷#######
..###.##########.....######
..# #........n.....>## ####
..###.....@#.......## #...
..+.'......+.......# #.#.
..###.....n#......(# #.#. ###
#......#.......# #.#.


You could see Maggie and a necrophage.

Vanquished Creatures
  2 water moccasins (D:6)
  A sky beast (D:6)
  A black bear (D:5)
  2 gnoll sergeants
  A bullfrog (D:6)
  2 necrophages (D:6)
  A jelly (D:5)
  3 hounds
  A gnoll bouda (D:4)
  2 orc priests (D:5)
  2 iguanas (D:5)
  7 adders
  16 gnolls
  A white imp (D:6)
  2 worms
  2 dart slugs
  7 orcs
  5 ball pythons
  4 bats
  8 endoplasms
  5 giant cockroaches
  4 goblins
  4 hobgoblins
  8 jackals
  6 quokkas
  A frilled lizard (D:1)
  12 kobolds
  7 rats
117 creatures vanquished.

Vanquished Creatures (others)
  12 plants (D:3)
12 creatures vanquished.

Grand Total: 129 creatures vanquished

Notes
Turn   | Place    | Note
-------+----------+-------------------------------------------
     0 | D:5      | drugrobin the Demigod Delver began the quest for the Orb.
     0 | D:5      | Reached XP level 1. HP: 18/18 MP: 3/3
    10 | D:5      | Identified the +2 chain mail "Avuemail" {rElec Will+ Str+3}
    40 | D:5      | Noticed an iguana
    67 | D:5      | Reached skill level 2 in Unarmed Combat
    87 | D:5      | Found a staircase to the Ecumenical Temple.
   311 | D:2      | Reached XP level 2. HP: 22/25 MP: 4/4
   429 | D:2      | Reached skill level 3 in Unarmed Combat
   517 | D:2      | Reached XP level 3. HP: 30/30 MP: 5/5
   825 | D:1      | Reached skill level 4 in Unarmed Combat
  1509 | D:1      | Reached XP level 4. HP: 37/37 MP: 6/6
  3122 | D:4      | Reached skill level 5 in Unarmed Combat
  3122 | D:4      | Reached XP level 5. HP: 29/42 MP: 7/7
  4453 | D:5      | Noticed a black bear
  4464 | D:5      | Killed a black bear
  4465 | D:5      | Reached skill level 6 in Unarmed Combat
  4465 | D:5      | Reached XP level 6. HP: 30/50 MP: 8/8
  5149 | D:5      | Reached skill level 7 in Unarmed Combat
  5201 | D:5      | Reached XP level 7. HP: 29/56 MP: 9/9
  6027 | D:6      | Reached skill level 8 in Unarmed Combat
  6285 | D:6      | Reached skill level 9 in Unarmed Combat
  6630 | D:6      | Noticed Maggie
  6931 | D:6      | Reached XP level 8. HP: 42/62 MP: 10/10
  7173 | D:6      | Slain by a necrophage

Illustrated notes

Levels and vault maps discovered:
D:1:      dpeg_arrival_rhombi, layout_basic, shapermc_ecumenical_altar_gd,
          grunt_decor_junction
D:2:      layout_basic, hex_large, roderic_lattice_a
D:3:      layout_rooms, tgw_xom, nicolae_overflow_hidden_temple,
          lexackson_kobold_supper
D:4:      layout_basic, minitemple, hangedman_decor_growths, minivault_24
D:5:      black_bear_nest_2, layout_gridville, minmay_temple_entry_statues,
          chequers_serial_rivers_room_b, st_stairs_2, dk_noncrumbling_3
D:6:      layout_basic, minivault_4, chequers_serial_rivers_micro_a, uniq_maggie

Skill      XL: |  1  2  3  4  5  6  7 |
---------------+----------------------+-----
Unarmed Combat | 2 3 4 5 6 7 9 |  9.5
Fighting       | |  2.6
Dodging        | |  1.7
Stealth        | |  4.5

Action                   |  1- 3 |  4- 6 |  7- 9 || total
-------------------------+-------+-------+-------++-------
Melee: Unarmed           |   151 |   235 |    93 ||   479
Throw: Boomerang         |       |    19 |    24 ||    43
       Dart              |       |    10 |     5 ||    15
Evoke: Wand              |       |     1 |     2 ||     3
  Use: Scroll            |       |     2 |     1 ||     3
       Potion            |       |     1 |       ||     1
Armor: Chain mail        |    64 |    98 |    16 ||   178
       Leather armour    |     2 |       |       ||     2
       Scale mail        |       |       |     3 ||     3
       Ring mail         |       |       |     1 ||     1
Dodge: Dodged            |    54 |    82 |    24 ||   160
Block: Buckler           |    21 |    32 |    12 ||    65

Table legend: (Time is in decaauts)
 A = Elapsed time spent in this place.
 B = Non-inter-level travel time spent in this place.
 C = Inter-level travel time spent in this place.
 D = Time resting spent in this place.
 E = Time spent auto-exploring this place.
 F = Levels seen in this place.
 G = Mean time per level.
                   A        B        C        D        E       F      G
               +--------+--------+--------+--------+--------+-----+--------+
         Total |   7172 |   6868 |    304 |    926 |   4305 |   6 | 1195.3 |
       Dungeon |   7172 |   6868 |    304 |    926 |   4305 |   6 | 1195.3 |
               +--------+--------+--------+--------+--------+-----+--------+

Top non-repeatable levels by time:
     D:5: 1693 daAuts
     D:4: 1344 daAuts
     D:6: 1244 daAuts
     D:1: 1088 daAuts
     D:2: 1006 daAuts
     D:3: 794 daAuts
